 Dungeon Crawl Stone Soup version 0.23.2 (webtiles) character file.

Game seed: 11667598793662553570

41148 Oninnaise the Fighter (level 13, -31/166 HPs)
             Began as a Demonspawn Fighter on Apr 2, 2019.
             Annihilated by an azure jelly (39 damage)
             ... on level 6 of the Lair of Beasts on Apr 3, 2019.
             The game lasted 00:53:55 (24603 turns).

Oninnaise the Fighter (Demonspawn Fighter)         Turns: 24603, Time: 00:53:55

Health: -31/166    AC: 46    Str: 22    XL:     13   Next: 78%
Magic:  0/13       EV:  2    Int: 10    God:
Gold:   746        SH:  6    Dex: 12    Spells: 12/12 levels left

rFire    . . .     SeeInvis .   g - +5 flail (protect)
rCold    . . .     Gourm    .   d - +0 buckler {rPois}
rNeg     + + +     Faith    .   (armour currently unavailable)
rPois    +         Spirit   +   (helmet currently unavailable)
rElec    .         Reflect  .   (cloak currently unavailable)
rCorr    .         Harm     .   (gloves currently unavailable)
MR       +....     Clarity  +   (boots currently unavailable) Stlth +.........NoTele +
                                h - amulet of guardian spirit
HPRegen  0.37/turn              n - ring of protection from magic
MPRegen  0.13/turn              c - +3 ring of protection

@: tree-form, protection aura
A: clarity, demonic guardian 1, icemail, wild magic 1, freezing cloud immunity
a: no special abilities


You were on level 6 of the Lair of Beasts.
You were not hungry.
You were a tree.
You visited 3 branches of the dungeon, and saw 17 of its levels.

You collected 948 gold pieces.
You spent 202 gold pieces at shops.

Inventory:

Hand Weapons
 g - a +5 flail of protection (weapon)
Armour
 b - a +3 scale mail (melded)
 d - a +0 buckler of poison resistance (worn)
 k - a scarf of repulsion (melded)
 m - the +1 cloak of Kuety {Str+4}
   (You found it on level 4 of the Lair of Beasts)

   It affects your strength (+4).
 u - a +2 pair of boots (melded)
 v - a +2 pair of gloves (melded)
Jewellery
 c - a +3 ring of protection (right branch)
 h - an amulet of guardian spirit (around neck)
 j - an uncursed amulet of regeneration {unknown}
 n - a ring of protection from magic (left branch)
 p - an uncursed ring of see invisible
 q - a cursed -2 ring of evasion {unknown}
Wands
 e - a wand of random effects (10)
 r - a wand of iceblast (5)
 t - a wand of flame (17)
Scrolls
 a - a scroll of amnesia
 l - 9 scrolls of remove curse
 s - 2 scrolls of magic mapping
Potions
 i - 2 potions of haste
 o - 4 potions of brilliance
Comestibles
 f - 16 rations


   Skills:
 * Level 13.1 Fighting
 + Level 8.9 Maces & Flails
 * Level 12.2 Armour
 + Level 8.7 Dodging
 + Level 9.1 Shields


You had 12 spell levels left.
You didn't know any spells.
Your spell library contained the following spells:

 Spells                   Type           Power        Failure   Level  Hunger
 Animate Skeleton         Necr           N/A          45%         1    ##.....
 Apportation              Tloc           #.....       45%         1    ##.....
 Confusing Touch          Hex            #.....       45%         1    ##.....
 Magic Dart               Conj           #...         45%         1    ##.....
 Summon Butterflies       Summ           #.......     45%         1    ##.....
 Summon Small Mammal      Summ           #...         45%         1    ##.....
 Blink                    Tloc           N/A          58%         2    ###....
 Call Imp                 Summ           #.......     58%         2    ###....
 Slow                     Hex            #.......     58%         2    ###....
 Conjure Flame            Conj/Fire      #.......     82%         3    ####...
 Lesser Beckoning         Tloc           #.........   82%         3    ####...
 Mephitic Cloud           Conj/Pois/Air  #.......     82%         3    ####...
 Tukima's Dance           Hex            #.......     82%         3    ####...
 Summon Lightning Spire   Summ/Air       #.......     99%         4    #####..
 Alistair's Intoxication  Tmut/Pois      #.......     100%        5    ######.
 Irradiate                Conj/Tmut      #.........   100%        5    ######.
 Silence                  Hex/Air        #.........   100%        5    ######.
 Conjure Ball Lightning   Conj/Air       #.........   100%        6    #######
 Deflect Missiles         Chrm/Air       #.........   100%        6    #######
 Hydra Form               Tmut           #.........   100%        6    #######
 Invisibility             Hex            #.......     100%        6    #######
 Statue Form              Tmut/Erth      #........    100%        6    #######
 Dragon Form              Tmut           #.........   100%        7    #######
 Tornado                  Air            #.........   100%        9    #######


Dungeon Overview and Level Annotations

Branches:
Dungeon (9/15)             Temple (0/1) D:5            Lair (6/6) D:9
  Swamp (0/4) Lair:2       Spider (0/4) Lair:3        Slime (2/5) Lair:6
    Orc: D:9-12

Altars:
Ashenzari
Cheibriados
Fedhas
Gozag
Hepliaklqana
Nemelex Xobeh
Okawaru
Trog
Yredelemnul
Zin
The Shining One
Jiyva

Shops:
D:6 [   D:7 =   D:9 :%

Annotations:
D:8 1 runed translucent door
Lair:5 exclusion: 3 oklob plants


Innate Abilities, Weirdness & Mutations

((You have razor-sharp toenails.))
((You are partially covered in icy blue scales. (AC +2)))
((Your flesh is cold resistant. (rC+)))
A weak demonic guardian rushes to your aid.
A meltable icy envelope protects you from harm. (AC +10)
You are immune to freezing clouds.
((You can translocate small distances at will.))
You possess an exceptional clarity of mind.
Your spells are a little harder to cast, but a little more powerful.


Message History

You block the azure jelly's attack.
Your white imp hits the azure jelly but does no damage.
The slime creature hits you but does no damage.
Your quasit bites the azure jelly but does no damage.
Your quasit claws the azure jelly.
Your quasit closely misses the azure jelly.
You hit the slime creature.
The slime creature is moderately wounded.
The azure jelly hits you but does no damage. x3
You block the azure jelly's attack.
Your white imp hits the azure jelly.
Your white imp freezes the azure jelly.
The azure jelly resists.
The slime creature hits you but does no damage.
Your quasit barely misses the azure jelly.
Your quasit closely misses the azure jelly.
Your quasit barely misses the azure jelly.
The azure jelly hits you but does no damage.
The azure jelly hits you.
* * * LOW HITPOINT WARNING * * *
The azure jelly freezes you!!!
You die...

.....<..........## #.........
.................### #.........
..........###......# ###.......
..........##..#...#### #.......
.........###.##....#.#####.......
........## #.###.......#.##...#..
.÷.....P## #.##..........##..#..P
.#.......####.#................≈.
.#.÷....##.##...♣.............#.≈
###.....###...5J.J............#..
# #....###....5[..............#.≈
# #......#....>..............##.≈
##......###P._..............#..≈
#.##...#.###...............##≈.≈
#####....##.##.............#..≈≈
#.....#.###.#...........#..≈≈
#........................≈.≈≈


You could see an azure jelly, a slime creature, a friendly quasit and a friendly
white imp.

Vanquished Creatures
  Nessos (Lair:4)
  A hydra (Lair:5)
  A catoblepas (Lair:5)
  9 death yaks
  7 black mambas
  Maurice (D:9)
  A torpor snail (Lair:5)
  4 gargoyles (D:7)
  19 spiny frogs
  9 komodo dragons
  A troll (D:8)
  Grinder (D:3)
  4 tyrant leeches (Lair:6)
  Prince Ribbit (D:5)
  21 blink frogs
  A slime creature (Lair:6)
  4 hippogriffs
  Sigmund (D:5)
  A wyvern (D:8)
  A wraith (D:9)
  12 yaks
  6 vampire mosquitoes
  Grum (D:9)
  Edmund (D:4)
  Menkaure (D:5)
  2 basilisks
  9 water moccasins
  Duvessa (D:4)
  4 porcupines
  4 sky beasts
  A black bear (Lair:2)
  An eye of draining (D:9)
  An orc warrior (D:5)
  2 ice beasts
  2 phantoms (D:6)
  21 wolves
  2 ogres
  5 centaurs
  12 crocodiles
  13 bullfrogs
  2 gnoll sergeants (D:8)
  A wyvern skeleton (D:6)
  2 scorpions
  Dowan (D:4)
  23 killer bees (Lair:1)
  3 wights (D:9)
  4 electric eels
  5 crimson imps
  A jelly (D:9)
  9 hounds
  5 orc priests
  2 bullfrog skeletons
  2 centaur skeletons
  Crazy Yiuf (D:3)
  A gnoll shaman (D:6)
  4 iguanas
  Natasha (D:4)
  6 orc wizards
  9 worker ants
  6 adders
  18 gnolls
  A howler monkey skeleton (D:4)
  A shadow imp (D:6)
  4 oozes
  3 adder zombies (D:8)
  3 adder skeletons
  2 worms
  3 dart slugs
  7 leopard geckos
  16 orcs
  7 bats
  A giant cockroach (D:1)
  7 goblins
  7 hobgoblins
  5 quokkas
  5 ball pythons
  7 frilled lizards
  A jackal skeleton (D:4)
  7 kobolds
  A leopard gecko zombie (D:7)
  10 rats
  A bush (D:3)
  2 fungi (D:3)
  2 plants
399 creatures vanquished.

Vanquished Creatures (collateral kills)
  A hydra (Lair:3)
  2 death yaks
  Sonja (Lair:2)
  A black mamba (Lair:5)
  2 spiny frogs
  A rime drake (Lair:5)
  A komodo dragon (Lair:5)
  A queen bee (Lair:1)
  4 yaks
  A water moccasin (Lair:3)
  2 wolves (Lair:5)
  A bullfrog (Lair:5)
18 creatures vanquished.

Vanquished Creatures (others)
  A wolf (Lair:4)
  13 fungi
  39 plants
53 creatures vanquished.

Grand Total: 470 creatures vanquished

Notes
Turn   | Place    | Note
-------+----------+-------------------------------------------
     0 | D:1      | Oninnaise the Demonspawn Fighter began the quest for the
                  | Orb.
     0 | D:1      | Reached XP level 1. HP: 18/18 MP: 1/1
   139 | D:1      | Gained mutation: Your flesh is cold resistant. (rC+)
                  | [demonic ancestry]
   139 | D:1      | Reached XP level 2. HP: 12/24 MP: 2/2
  1484 | D:2      | Found a blossoming altar of Fedhas.
  1561 | D:2      | Reached XP level 3. HP: 22/29 MP: 3/3
  2246 | D:2      | Reached XP level 4. HP: 22/37 MP: 4/4
  2601 | D:2      | Reached skill level 1 in Dodging
  3220 | D:3      | Reached skill level 4 in Fighting
  3220 | D:3      | Gained mutation: You have sharp toenails. [demonic
                  | ancestry]
  3220 | D:3      | Reached XP level 5. HP: 38/42 MP: 5/5
  3229 | D:3      | Noticed a sky beast
  3242 | D:3      | Reached skill level 7 in Fighting
  3242 | D:3      | Reached skill level 5 in Shields
  3242 | D:3      | Gained mutation: You are immune to freezing clouds.
                  | [demonic ancestry]
  3242 | D:3      | Reached XP level 6. HP: 12/55 MP: 6/6
  3246 | D:3      | Killed a sky beast
  3771 | D:3      | Noticed Grinder
  3785 | D:3      | Paralysed by Grinder for 4 turns
  3801 | D:3      | Paralysed by Grinder for 7 turns
  3809 | D:3      | Killed Grinder
  3809 | D:3      | Gained mutation: A meltable icy envelope protects you from
                  | harm. (AC +10) [demonic ancestry]
  3809 | D:3      | Reached XP level 7. HP: 44/61 MP: 7/7
  4035 | D:3      | Found a runed translucent door.
  4109 | D:3      | Noticed Crazy Yiuf
  4119 | D:3      | Killed Crazy Yiuf
  4524 | D:4      | Found a snail-covered altar of Cheibriados.
  4581 | D:4      | Noticed Edmund
  4616 | D:4      | Killed Edmund
  4616 | D:4      | Reached skill level 5 in Maces & Flails
  4704 | D:4      | Noticed Dowan
  4719 | D:4      | Killed Dowan
  4719 | D:4      | Reached skill level 8 in Fighting
  4733 | D:4      | Noticed Duvessa
  4761 | D:4      | Killed Duvessa
  4981 | D:4      | Reached XP level 8. HP: 65/68 MP: 8/8
  5063 | D:4      | Found a sparkling altar of Nemelex Xobeh.
  5357 | D:4      | Noticed Natasha
  5371 | D:4      | Killed Natasha
  5700 | D:4      | Found a hazy altar of Hepliaklqana.
  5807 | D:5      | Entered Level 5 of the Dungeon
  5807 | D:5      | Found a staircase to the Ecumenical Temple.
  5844 | D:5      | Noticed Prince Ribbit
  5866 | D:5      | Killed Prince Ribbit
  5874 | D:5      | Reached skill level 5 in Dodging
  6283 | D:5      | Noticed Menkaure
  6296 | D:5      | Killed Menkaure
  6296 | D:5      | Gained mutation: You have razor-sharp toenails. [demonic
                  | ancestry]
  6296 | D:5      | Reached XP level 9. HP: 75/75 MP: 9/9
  6306 | D:5      | Noticed Sigmund
  6321 | D:5      | Killed Sigmund
  6522 | D:5      | Found a basalt altar of Yredelemnul.
  6592 | D:6      | Found a glowing golden altar of the Shining One.
  6989 | D:6      | Found Kicyokam's Antique Armour Shoppe.
  7015 | D:6      | Bought a pair of runed gloves for 202 gold pieces
  7047 | D:6      | Reached skill level 9 in Fighting
  7066 | D:6      | Found an opulent altar of Gozag.
  7840 | D:7      | Found Nishraxeq's Jewellery Shoppe.
  7913 | D:7      | Found a shattered altar of Ashenzari.
  8135 | D:7      | Found a bloodstained altar of Trog.
  8183 | D:7      | Found a glowing silver altar of Zin.
  8334 | D:7      | Noticed a gargoyle
  8343 | D:7      | Killed a gargoyle
  8381 | D:7      | Noticed a gargoyle
  8392 | D:7      | Killed a gargoyle
  8682 | D:7      | Noticed a gargoyle
  8695 | D:7      | Killed a gargoyle
  8695 | D:7      | Reached XP level 10. HP: 57/83 MP: 10/10
  8809 | D:7      | Noticed a gargoyle
  8823 | D:7      | Killed a gargoyle
  9061 | D:7      | Gained mutation: You occasionally shout uncontrollably at
                  | your foes. [potion of mutation]
  9061 | D:7      | Gained mutation: You tend to lose your temper in combat.
                  | [potion of mutation]
  9061 | D:7      | Gained mutation: Your muscles are strong. (Str +2) [potion
                  | of mutation]
  9426 | D:8      | Identified a scroll of acquirement
  9915 | D:8      | Found a runed translucent door.
  9915 | D:8      | Noticed a deep elf knight
  9915 | D:8      | Noticed a deep elf knight
  9919 | D:8      | Noticed a centaur warrior
  9919 | D:8      | Noticed a wolf spider
  9919 | D:8      | Noticed a deep elf knight
  9919 | D:8      | Identified the +5 trident of Untimely Demise {pain, Fragile
                  | rN++}
  9919 | D:8      | Noticed a deep elf knight
  9919 | D:8      | Noticed a fire giant
 10641 | D:9      | Found a staircase to the Lair.
 10690 | D:9      | Noticed Maurice
 10708 | D:9      | Killed Maurice
 10756 | D:9      | Found Qaleej's Book Shop.
 10893 | D:9      | Noticed Grum
 10921 | D:9      | Killed Grum
 10921 | D:9      | Reached skill level 10 in Fighting
 11264 | D:9      | Found Ymink's Food Shop.
 11391 | D:9      | Found an iron altar of Okawaru.
 11514 | Lair:1   | Entered Level 1 of the Lair of Beasts
 11574 | Lair:1   | Gained mutation: A weak demonic guardian rushes to your
                  | aid. [demonic ancestry]
 11574 | Lair:1   | Reached XP level 11. HP: 77/90 MP: 11/11
 13628 | Lair:2   | Noticed Sonja
 13982 | Lair:2   | Killed Sonja
 14516 | Lair:2   | Found a staircase to the Swamp.
 14559 | Lair:2   | You fall through a shaft!
 14622 | Lair:3   | Reached skill level 10 in Armour
 14661 | Lair:3   | Found a hole to the Spider Nest.
 15192 | Lair:3   | Lost mutation: You tend to lose your temper in combat.
                  | [potion of mutation]
 15192 | Lair:3   | Lost mutation: Your muscles are strong. (Str +2) [potion of
                  | mutation]
 15192 | Lair:3   | Lost mutation: You occasionally shout uncontrollably at
                  | your foes. [potion of mutation]
 15192 | Lair:3   | Gained mutation: You possess an exceptional clarity of
                  | mind. [potion of mutation]
 15192 | Lair:3   | Gained mutation: Your spells are a little harder to cast,
                  | but a little more powerful. [potion of mutation]
 15192 | Lair:3   | Gained mutation: You can translocate small distances at
                  | will. [potion of mutation]
 15762 | Lair:3   | Noticed a six-headed hydra
 15768 | Lair:3   | Killed a six-headed hydra
 15768 | Lair:3   | Reached skill level 11 in Fighting
 16704 | Lair:4   | Noticed a death yak
 16704 | Lair:4   | Noticed a death yak
 16704 | Lair:4   | Noticed a death yak
 16706 | Lair:4   | Noticed a death yak
 16706 | Lair:4   | Noticed a death yak
 16706 | Lair:4   | Noticed a death yak
 16780 | Lair:4   | Killed a death yak
 16780 | Lair:4   | Gained mutation: You are partially covered in icy blue
                  | scales. (AC +2) [demonic ancestry]
 16780 | Lair:4   | Reached XP level 12. HP: 60/100 MP: 5/12
 16790 | Lair:4   | Killed a death yak
 17586 | Lair:4   | Killed a death yak
 17611 | Lair:3   | Killed a death yak
 17800 | Lair:4   | Killed a death yak
 17848 | Lair:4   | Killed a death yak
 18201 | Lair:4   | Got a translucent cloak
 18216 | Lair:4   | Identified the +1 cloak of Kuety {Str+4} (You found it on
                  | level 4 of the Lair of Beasts)
 18361 | Lair:4   | Noticed Nessos
 18413 | Lair:4   | Killed Nessos
 19422 | Lair:5   | Noticed a death yak
 19422 | Lair:5   | Noticed a death yak
 19484 | Lair:5   | Killed a death yak
 19484 | Lair:5   | Reached skill level 12 in Fighting
 19499 | Lair:5   | Killed a death yak
 19893 | Lair:5   | Noticed a five-headed hydra
 19930 | Lair:6   | Entered Level 6 of the Lair of Beasts
 20658 | Lair:5   | Noticed a death yak
 20688 | Lair:5   | Killed a death yak
 20841 | Lair:5   | Killed a five-headed hydra
 20841 | Lair:5   | Reached XP level 13. HP: 97/108 MP: 10/13
 23384 | Lair:6   | Found a staircase to the Slime Pits.
 23384 | Lair:6   | Found a viscous altar of Jiyva.
 23394 | Lair:6   | Reached skill level 13 in Fighting
 24542 | Slime:1  | Entered Level 1 of the Pits of Slime
 24578 | Slime:2  | Noticed an acid blob
 24578 | Slime:2  | Noticed an azure jelly
 24602 | Lair:6   | HP: 8/166 [azure jelly (2)]
 24603 | Lair:6   | Annihilated by an azure jelly

Skill      XL: |  1  2  3  4  5  6  7  8  9 10 11 12 13 |
---------------+----------------------------------------+-----
Maces & Flails | 2 4 5 6 7 8 |  8.9
Armour         | 3 6 7 8 9 10 11 12 | 12.2
Shields        | 3 5 6 7 8 9 |  9.1
Dodging        | 1 4 5 6 7 8 |  8.7
Fighting       | 4 7 8 9 10 11 12 13 | 13.1

Action                   |  1- 3 |  4- 6 |  7- 9 | 10-12 | 13-15 || total
-------------------------+-------+-------+-------+-------+-------++-------
Melee: Flail             |   188 |    90 |   461 |  1054 |   457 ||  2250
       Kick              |       |    11 |   152 |   326 |   125 ||   614
  Use: Scroll            |     3 |     1 |    12 |    17 |     1 ||    34
       Potion            |     3 |     3 |     3 |    10 |     3 ||    22
 Stab: Sleeping          |     1 |       |       |       |       ||     1
       Distracted        |       |       |       |     7 |     4 ||    11
  Eat: Ration            |     2 |     1 |     4 |    11 |     4 ||    22
       Chunk             |       |       |     4 |     2 |       ||     6
Armor: Scale mail        |   110 |    41 |   174 |   748 |   251 ||  1324
       Skin              |       |       |       |       |    45 ||    45
Dodge: Dodged            |    74 |    40 |   197 |   878 |   298 ||  1487
       Deflected         |       |       |       |     1 |       ||     1
Block: Shield            |    86 |    52 |    11 |       |       ||   149
       Buckler           |       |       |    88 |   400 |   169 ||   657
